 Dungeon Crawl Stone Soup version 0.31-a0-963-ga325b2283a (webtiles) character file.

Game seed: 12123556492273101250

392 Sanktem7 the Chopper (level 6, -2/56 HPs)
             Began as a Minotaur Fighter on Oct 26, 2023.
             Was an Initiate of Okawaru.
             Slain by a scorpion (4 damage)
             ... on level 4 of the Dungeon.
             The game lasted 00:04:32 (2835 turns).

Sanktem7 the Chopper (Minotaur Fighter)             Turns: 2835, Time: 00:04:33

Health: -2/56      AC: 13    Str: 23    XL:     6   Next: 51%
Magic:  5/5        EV:  6    Int:  5    God:    Okawaru [......]
Gold:   176        SH:  0    Dex:  9    Spells: 5/5 levels left

rFire   . . .        a - +0 war axe {axe}
rCold   . . .        c - +0 buckler
rNeg    . . .        v - +0 plate armour
rPois   .            (helmet restricted)
rElec   .            (no cloak)
rCorr   .            h - +0 pair of gloves
SInv    .            (no boots)
Will    .....        (no amulet) Stlth
                     (no ring)
HPRegen 0.29/turn    (no ring)
MPRegen 0.09/turn

%: no passive effects
@: confused
A: horns 2, retaliatory headbutt
a: Renounce Religion


You were on level 4 of the Dungeon.
You worshipped Okawaru.
Okawaru was noncommittal.
You visited 2 branches of the dungeon, and saw 5 of its levels.

You collected 176 gold pieces.


Innate Abilities, Weirdness & Mutations

You have a pair of horns on your head.
You reflexively headbutt those who attack you in melee.


   Skills:
 + Level 5.0 Fighting
 * Level 5.3 Axes
 + Level 2.0 Throwing
 + Level 4.9 Armour
 + Level 4.9 Shields


You had 5 spell levels left.
You didn't know any spells.
Your spell library contained the following spells:

 Spells                   Type           Power      Damage    Failure   Level
 Shock                    Conj/Air       0%         1d3       100%        1
 Swiftness                Air            0%         N/A       100%        3
 Airstrike                Air            0%         2d(0-16)  100%        4
 Passage of Golubria      Tloc           0%         N/A       100%        4
 Yara's Violent Unravell  Hex/Tmut       0%         3d3       100%        5
 Tukima's Dance           Hex            Unusable   N/A       N/A         3

Inventory:

Hand Weapons
 a - a +0 war axe (weapon) {axe}
 l - a +1 dagger of draining {short}
   (You took it off a kobold on level 2 of the Dungeon)
 t - a +0 rapier of venom {short}
   (You found it on level 3 of the Dungeon)
Missiles
 e - 32 stones {throwing}
 s - 4 atropa-tipped darts {throwing}
Armour
 c - a +0 buckler (worn)
 h - a +0 pair of gloves (worn)
   (You found it on level 1 of the Dungeon)
 v - a +0 plate armour (worn)
   (You found it on level 4 of the Dungeon)
Jewellery
 k - a +6 ring of dexterity
   (You found it on level 2 of the Dungeon)
 p - a ring of poison resistance
   (You found it on level 3 of the Dungeon)
Wands
 i - a wand of flame (3)
   (You took it off Terence on level 2 of the Dungeon)
Scrolls
 f - 3 scrolls of noise {unknown}
 j - a scroll of butterflies {unknown}
 n - a scroll of enchant armour {unknown}
 o - a scroll of revelation {unknown}
 q - a scroll of amnesia {unknown}
 r - a scroll of identify {unknown}
 w - a scroll of enchant weapon {unknown}
Potions
 b - 2 potions of enlightenment {unknown}
 d - a potion of might
 m - a potion of invisibility {unknown}
 u - a potion of heal wounds {unknown}

Dungeon Overview and Level Annotations

Branches:
Dungeon (4/15) Zot: 21154  Temple (1/1) D:4 Zot: 5937

Altars:
Ashenzari
Dithmenos
Gozag
Hepliaklqana
Okawaru
Qazlal
Sif Muna
Uskayaw
Wu Jian
Xom
Yredelemnul
Zin

#.#######.##..##########.#
###...
..........##.>###### ###
##.. ###.####..##..#....
..# # ######..##..#.... ##
... #.....##..##..# ...
#.....##..##..##...#
#..........+{[...#..
######...##...#{so....#
#..######8#..##@#
##........>#..##.#
..........8'.....#
##<..#.....#.....#
#####........####
########## #.....# #.###.#
#.# .#


You could see a scorpion and an orc.


Message History

The orc wizard gestures at you while chanting.
You are confused.
The orc wizard hits you but does no damage.
The orc priest hits you but does no damage.
You are too confused!
You hit the orc priest but do no damage.
You closely miss the orc wizard. The orc wizard barely misses you.
The orc priest hits you with a +0 flail. 😕 HP[-1]
You take 1 damage, and now have 51/55 hp.
You closely miss the orc priest. Your headbutt misses the orc priest.
You hit the orc wizard but do no damage.
The orc wizard hits you but does no damage.
You're too confused to move!
The orc wizard hits you but does no damage.
The orc priest hits you but does no damage. 😕 HP[+1]
You bump into the rock wall.
The orc wizard hits you with a +0 dagger.
The orc priest hits you with a +0 flail. 😕 HP[-9]
You take 9 damage, and now have 43/55 hp.
You bump into the rock wall.
You feel less confused.
The orc wizard hits you but does no damage.
The orc priest hits you but does no damage.
You barely miss the orc priest. Your headbutt misses the orc priest.
You barely miss the orc wizard.
The orc wizard hits you with a +0 dagger.
The orc priest barely misses you.
You barely miss the orc priest.
You hit the orc wizard but do no damage.
The orc wizard casts a spell.
The orc wizard flickers and vanishes!
The orc priest mumbles some strange prayers to Beogh against you.
Pain shoots through your body! Something hits you but does no damage.
The orc priest hits you with a +0 flail! 😮 HP[-10]
You take 10 damage, and now have 33/55 hp.
You slash the orc priest! You closely miss something.
You hear some strange, mumbled words.
A puff of flame appears from out of thin air!
The puff of flame hits you!
* * * LOW HITPOINT WARNING * * *
The orc priest mumbles some strange prayers to Beogh against you.
Beogh smites you!
* * * LOW HITPOINT WARNING * * *
😱 HP[-22]
You take 22 damage, and now have 11/55 hp.
MASSIVE DAMAGE!! (PAUSE)
You slash something! Okawaru accepts your kill.
Reactivating autopickup.
You feel a bit more experienced.
You barely miss the orc priest. The orc priest barely misses you.
You furiously retaliate!
You headbutt the orc priest.
Your Fighting skill increases to level 5! 😱 HP[+1]
You now have 56 max hp (+1).
Deactivating autopickup; reactivate with Ctrl-A.
You miss something. You hit the orc priest.
You kill the orc priest!
Okawaru accepts your kill.
You hear some strange, mumbled words.
You are confused.
The scorpion stings you but does no damage.
Something hits you but does no damage.
Your Throwing skill increases to level 2!
You bump into the rock wall.
The scorpion stings you.
* * * LOW HITPOINT WARNING * * *
Something hits you but does no damage. 😱 HP[-5]
You take 5 damage, and now have 7/56 hp.
You bump into the rock wall.
The scorpion stings you but does no damage.
Something hits you.
* * * LOW HITPOINT WARNING * * *
😱 HP[-2]
You take 2 damage, and now have 5/56 hp.
You closely miss the scorpion. You headbutt the scorpion. You miss something.
The scorpion stings you but does no damage.
Something hits you.
* * * LOW HITPOINT WARNING * * *
The scorpion closely misses you. 😱 HP[-2]
You take 2 damage, and now have 3/56 hp.
You bump into the rock wall.
The scorpion stings you but does no damage.
You hear some strange, mumbled words.
You are more confused. 😱 HP[+1]
You miss something. Your headbutt misses something. You miss the scorpion.
The scorpion barely misses you. Something hits you.
* * * LOW HITPOINT WARNING * * *
😱 HP[-2]
You take 2 damage, and now have 2/56 hp.
You closely miss something. You hit the scorpion.
The scorpion barely misses you. Something hits you but does no damage.
The scorpion stings you.
You die...

Skill      XL: |  1  2  3  4  5  6 |
---------------+-------------------+-----
Axes           | 3 4 5 |  5.3
Armour         | 4 |  4.9
Shields        | 4 |  4.9
Fighting       | 4 5 |  5.0
Throwing       | 1 2 |  2.0

Action                     |  1- 3 |  4- 6 || total
---------------------------+-------+-------++-------
  Melee: War axe           |    71 |    83 ||   154
         Headbutt          |     8 |    12 ||    20
   Stab: Distracted        |     1 |       ||     1
 Armour: Scale mail        |    16 |       ||    16
         Chain mail        |    29 |    72 ||   101
         Plate armour      |       |    32 ||    32
  Dodge: Dodged            |    27 |    36 ||    63
  Block: Buckler           |    21 |    14 ||    35

Levels and vault maps discovered:
D:1:      dpeg_arrival_simpleton_b, layout_basic
D:2:      layout_loops_corners, uniq_terence, uniq_sigmund
D:3:      layout_loops_cross, moated_statue
D:4:      wander_river, layout_gridville, nicolae_vehumet_radiance,
          kiku_gazebo_garden_becter, nicolae_tso_besieged_by_evil,
          temple_statues, serial_co_window_serial, co_window_paths_a,
          co_window_corner_a, co_window_paths_b, co_window_paths_a,
          co_window_paths_b, co_window_cross_1, co_window_of_opportunity_a,
          co_window_paths_a, co_window_cross_1, co_window_corner_b,
          co_window_unsneaky_path_e, co_window_of_opportunity_c,
          glass_columns_b, glass_columns_b
Temple:   chequers_temple_sunken

Notes
Turn   | Place    | Note
-------+----------+-------------------------------------------
     0 | D:1      | Sanktem7 the Minotaur Fighter began the quest for the Orb.
     0 | D:1      | Reached XP level 1. HP: 19/19 MP: 0/0
     0 | D:1      | magus.rc [v1.9.6]
   163 | D:1      | Reached XP level 2. HP: 27/27 MP: 1/1
   168 | D:1      | Reached skill level 3 in Axes
   447 | D:1      | Reached skill level 4 in Armour
   447 | D:1      | Reached skill level 4 in Shields
   453 | D:1      | Reached skill level 4 in Fighting
   577 | D:1      | Reached XP level 3. HP: 33/33 MP: 2/2
   750 | D:2      | Noticed Terence
   757 | D:2      | Killed Terence
   870 | D:2      | You add the spells Tukima's Dance, Passage of Golubria and
                  | Yara's Violent Unravelling to your library.
  1031 | D:2      | Noticed Sigmund
  1046 | D:2      | Killed Sigmund
  1047 | D:2      | Reached skill level 4 in Axes
  1047 | D:2      | Reached skill level 1 in Throwing
  1047 | D:2      | Reached XP level 4. HP: 32/41 MP: 3/3
  1047 | D:2      | Reached XP level 5. HP: 36/47 MP: 4/4
  1824 | D:3      | Reached XP level 6. HP: 53/53 MP: 5/5
  2023 | D:3      | You pick up a book of Air and begin reading...
  2023 | D:3      | You add the spells Shock, Swiftness and Airstrike to your
                  | library.
  2033 | D:3      | Reached skill level 5 in Axes
  2385 | D:4      | Found a staircase to the Ecumenical Temple.
  2394 | Temple   | Entered the Ecumenical Temple
  2416 | Temple   | Became a worshipper of Warmaster Okawaru
  2827 | D:4      | HP: 11/55 [orc priest/divine providence (13)]
  2829 | D:4      | Reached skill level 5 in Fighting
  2830 | D:4      | Reached skill level 2 in Throwing
  2831 | D:4      | HP: 5/56 [something (2)]
  2834 | D:4      | HP: 2/56 [something (2)]
  2835 | D:4      | Slain by a scorpion

Vanquished Creatures
  Sigmund (D:2)
  An orc priest (D:4)
  Terence (D:2)
  2 orc wizards (D:4)
  2 adders
  3 gnolls (D:2)
  A dart slug (D:2)
  7 orcs
  7 ball pythons
  5 bats
  5 endoplasms
  6 giant cockroaches
  A goblin (D:3)
  4 hobgoblins
  7 jackals
  A quokka (D:1)
  3 frilled lizards
  4 kobolds
  6 rats
67 creatures vanquished.

Table legend:
 A = Non-vault XP
 B = Vault XP
 C = Vault XP percentage of total XP
 D = Non-vault monster count
 E = Vault monster count
 F = Vault count percentage of total count
                 A         B        C        D         E       F
            +---------+---------+-------+---------+---------+-------
      Total |     286 |     275 |  49.0 |      65 |       2 |   3.0
            +---------+---------+-------+---------+---------+-------
        D:1 |      41 |       0 |   0.0 |      25 |       0 |   0.0
        D:2 |      58 |     275 |  82.6 |      12 |       2 |  14.3
        D:3 |      46 |       0 |   0.0 |      17 |       0 |   0.0
        D:4 |     141 |       0 |   0.0 |      11 |       0 |   0.0
            +---------+---------+-------+---------+---------+-------

Skill      XL: |  1  2  3  4  5  6 |
---------------+-------------------+-----
Axes           | 3 4 5 |  5.3
Armour         | 4 |  4.9
Shields        | 4 |  4.9
Fighting       | 4 5 |  5.0
Throwing       | 1 2 |  2.0

Action                     |  1- 3 |  4- 6 || total
---------------------------+-------+-------++-------
  Melee: War axe           |    71 |    83 ||   154
         Headbutt          |     8 |    12 ||    20
   Stab: Distracted        |     1 |       ||     1
 Armour: Scale mail        |    16 |       ||    16
         Chain mail        |    29 |    72 ||   101
         Plate armour      |       |    32 ||    32
  Dodge: Dodged            |    27 |    36 ||    63
  Block: Buckler           |    21 |    14 ||    35

Illustrated notes

Table legend:
 A = Kills in this place as a percentage of kills in the entire game.
 B = Kills by you in this place as a percentage of kills by you in the entire game.
 C = Kills by friends in this place as a percentage of kills by friends in the entire game.
 D = Other kills in this place as a percentage of other kills in the entire game.
 E = Experience gained in this place as a percentage of experience gained in the entire game.
 F = Experience gained in this place divided by the number of levels of this place that you have seen.
                   A       B       C       D       E      F
               +-------+-------+-------+-------+-------+----------------------
         Total | 100.0 | 100.0 |   N/A |   N/A | 100.0 | 112.2
       Dungeon | 100.0 | 100.0 |   N/A |   N/A | 100.0 | 140.2
               +-------+-------+-------+-------+-------+----------------------

Table legend: (Time is in decaauts)
 A = Elapsed time spent in this place.
 B = Non-inter-level travel time spent in this place.
 C = Inter-level travel time spent in this place.
 D = Time resting spent in this place.
 E = Time spent auto-exploring this place.
 F = Levels seen in this place.
 G = Mean time per level.
                   A        B        C        D        E       F      G
               +--------+--------+--------+--------+--------+-----+--------+
         Total |   2907 |   2827 |     80 |      0 |   2314 |   5 |  581.4 |
       Dungeon |   2844 |   2764 |     80 |      0 |   2314 |   4 |  711.0 |
        Temple |     62 |     62 |      0 |      0 |      0 |   1 |   62.0 |
               +--------+--------+--------+--------+--------+-----+--------+

Top non-repeatable levels by time:
     D:2: 1041 daAuts
     D:1: 767 daAuts
     D:3: 612 daAuts
     D:4: 423 daAuts
  Temple: 62 daAuts
